 Dungeon Sprint DCSS version 0.28.0-53-g5a82cb258f (webtiles) character file.

Game seed: 939176385979728416

22383 Zeld the Slayer (level 12, -9/214 HPs)
             Began as a Minotaur Berserker on June 4, 2022.
             Was a High Priest of Trog.
             Mangled by a fire giant
             ... wielding a +2 great sword of flaming
              (20 damage)
             ... in the Dungeon (Sprint I: "Red Sonja").
             The game lasted 00:09:32 (6066 turns).

Zeld the Slayer (Minotaur Berserker)                Turns: 6066, Time: 00:09:32

Health: -9/214     AC: 22    Str: 22    XL:     12   Next: 62%
Magic:  9/9        EV: 12    Int:  4    God:    Trog [*****.]
Gold:   75         SH:  5    Dex:  4    Spells: 11/11 levels left

rFire   . . .      SeeInvis +   a - +6 battleaxe (flame)
rCold   . . .      Faith    .   (shield currently unavailable)
rNeg    + + .      Spirit   .   o - +9 scale mail of Susuitwy {Will+}
rPois   .          Reflect  +   (helmet restricted)
rElec   .          Harm     .   l - +0 cloak
rCorr   +          Rampage  .   (no gloves)
Will    +....      Rage     1%  q - +0 pair of boots
Stlth   .......... NoTele   +   s - amulet "Larorghat" {Reflect Fly rN++ Dex-3 SH+5 SInv}
HPRegen 0.45/turn               j - ring of resist corrosion
MPRegen 0.11/turn               (no ring)

@: berserking, flying, very quick
A: horns 2, retaliatory headbutt, iridescent scales 1, berserk 1, clumsy 2,
deformed body, deterioration 2, low MP 1, weak 2
a: Renounce Religion, Berserk, Trog's Hand, Brothers in Arms


You were in the Dungeon.
You worshipped Trog.
Trog was extremely pleased with you.
You visited 1 branch You collected 3474 gold pieces.
You spent 3399 gold pieces at shops.

Inventory:

Hand Weapons
 a - a +6 battleaxe of flaming (weapon)
Armour
 l - a +0 cloak (worn)
 o - the +9 scale mail of Susuitwy (worn) {Will+}
   (You found it in the Dungeon)

   Will:      It increases your willpower.
 q - a +0 pair of boots (worn)
Jewellery
 j - a ring of resist corrosion (left hand)
 s - the amulet "Larorghat" (around neck) {Reflect Fly rN++ Dex-3 SH+5 SInv}
   (You bought it in a shop in the Dungeon)

   [amulet of reflection]

   It reflects blocked missile attacks.
   Dex:       It affects your dexterity (-3).
   rN:        It greatly protects you from negative energy.
   SInv:      It lets you see invisible.
   Fly:       It grants you flight.
   SH:        It affects your SH (+5).
Wands
 i - a wand of iceblast (5)
Scrolls
 b - 2 scrolls of summoning
 h - 4 scrolls of blinking
 k - 2 scrolls of identify
 n - 4 scrolls of fear
Potions
 c - 10 potions of curing
 d - 7 potions of heal wounds
 e - a potion of haste
 f - 3 potions of magic
 g - a potion of berserk rage
 m - a potion of ambrosia {unknown}
 t - 2 potions of might
 v - 3 potions of mutation
 w - a potion of invisibility
Miscellaneous
 p - a phial of floods
 r - a tin of tremorstones (2/2)
 u - a piece from Xom's chessboard (15/15)


   Skills:
 * Level 23.8 Fighting
 - Level 20.0 Axes
 + Level 17.3 Armour
 + Level 16.1 Dodging


You had 11 spell levels left.
You didn't know any spells.
Your spell library was empty.

Dungeon Overview and Level Annotations

Branches:
Dungeon (1/1)

Altars:
Cheibriados
Dithmenos
Elyvilon
Fedhas
Gozag
Hepliaklqana
Kikubaaqudgha
Makhleb
Nemelex Xobeh
Okawaru
Qazlal
Ru
Sif Muna
Trog
Uskayaw
Vehumet
Wu Jian
Xom
Yredelemnul
Zin
The Shining One
Jiyva
Lugonu

Shops:
D ?*(=*[?!**=?*(?(!*=[(*

Annotations:
D exclusion: oklob plant


Innate Abilities, Weirdness & Mutations

You have a pair of horns on your head.
You reflexively headbutt those who attack you in melee.
You are partially covered in iridescent scales. (AC +2)
You tend to lose your temper in combat.
You are very clumsy. (Dex -4)
Armour fits poorly on your strangely shaped body.
Your body often deteriorates upon taking damage.
Your magical capacity is low. (-10% MP)
You are very weak. (Str -4)


Message History

There is an open door here.
Unknown command.
A fire giant comes into view.
It is wielding a +2 great sword of flaming.
There is an open door here.
You start resting.
A fire giant is nearby!
The fire giant barely misses you.
There is an open door here.
You slash the fire giant! You headbutt the fire giant!
The fire giant is moderately wounded.
The fire giant points at you and mumbles some strange words.
The fireball explodes!
The fireball engulfs you!!
The fireball engulfs the fire giant.
The fire giant resists.
You slash the fire giant!
The fire giant is moderately wounded.
You carve the fire giant like a ham!!! You burn the fire giant.
The fire giant is almost dead.
The fire giant gestures at you while chanting.
The fireball explodes!
The fireball engulfs you!!!
* * * LOW HITPOINT WARNING * * *
The fireball engulfs the fire giant!
The fire giant resists.
You are too injured to fight recklessly!
Unknown command.
You are too injured to fight recklessly!
Unknown command.
Okay, then.
Okay, then.
Press: ? - help, v - describe, . - travel
Here: a fire giant, wielding a +2 great sword of flaming (almost dead)
The floor, spattered with blood.
You feel much better.
The fire giant gestures at you while chanting.
The bolt of fire hits you!!!
* * * LOW HITPOINT WARNING * * *
Unknown command.
Okay, then.
A red film seems to cover your vision as you go berserk!
You feel yourself moving faster!
You feel mighty!
The fire giant hits you with a +2 great sword of flaming!!
You die...

#...°°'..$$,##.#A#$#..≈.:#)####§#
###...#....,#..###$#..≈.##§#....#
'.#...#*#2'*#.##..$#..≈##§§§§....
#.#..##*,,**#..#+###..≈#.§..§....
#.#..#***,,*##...#P≈..##..§...§..
#.##'#,,*,,*,###.#M≈..#....§.:.§.
#§##:#,,,,,,,,,#.###..#.......§§.
§§####,,,,,,,,,#.#,+..##....§..§.
#.#,,+,,,,,,####@#,##'##.........
#§#****,,,**#..C.#,*≈≈≈##........
§§#,,,****#...####,*≈≈≈≈##)...).#
###,,,,,....#**,,,,*≈≈≈≈≈########
*,,,,,,,###**^,,,****≈≈≈≈*≈≈≈≈≈*,
*,,,,,,**,,^,^^^,*,,*'≈≈≈'≈≈,≈≈',
*,,,,,**,,,^,^,^,*,,,**≈≈*≈≈≈≈≈*≈
*,,,,,*,^,,,^,,,,*,,,,******'****
***********^,,^,,*,,,,*≈≈≈≈≈≈≈≈≈≈


You could see a fire giant.

Vanquished Creatures
  A golden dragon (D)
  A shadow dragon (D)
  A deep elf annihilator (D)
  A lorocyproca (D)
  A hydra (D)
  2 centaur warriors (D)
  Sonja (D)
  A deep troll (D)
  A lindwurm (D)
  An oklob plant (D)
  8 shining eyes (D)
  2 merfolk sirens (D)
  A gargoyle (D)
  2 kobold demonologists (D)
  4 demonic crawlers (D)
  7 unseen horrors (D)
  A hellwing (D)
  4 hornets (D)
  A slime creature (D)
  A yak (D)
  Sigmund (D)
  13 hogs (D)
  2 redbacks (D)
  7 floating eyes (D)
  7 necrophages (D)
  An ogre (D)
  8 jellies (D)
  Ijyb (D)
82 creatures vanquished.

Vanquished Creatures (collateral kills)
  the Lernaean hydra (D)
1 creature vanquished.

Vanquished Creatures (others)
  A deep elf master archer (D)
  A hornet (D)
  2 ballistomycete spores (D)
4 creatures vanquished.

Grand Total: 87 creatures vanquished

Notes
Turn   | Place    | Note
-------+----------+-------------------------------------------
     0 | D        | Zeld the Minotaur Berserker began the quest for the Orb.
     0 | D        | Reached XP level 1. HP: 19/19 MP: 0/0
     2 | D        | Noticed Ijyb
     8 | D        | Killed Ijyb
     9 | D        | Reached skill level 5 in Fighting
     9 | D        | Reached skill level 5 in Axes
     9 | D        | Reached XP level 2. HP: 7/29 MP: 1/1
   269 | D        | Noticed an ogre
   272 | D        | Killed an ogre
   273 | D        | Reached skill level 7 in Fighting
   273 | D        | Reached XP level 3. HP: 39/39 MP: 2/2
   273 | D        | Reached XP level 4. HP: 47/47 MP: 3/3
   414 | D        | Noticed Sigmund
   419 | D        | Killed Sigmund
   419 | D        | Reached ** piety under Trog
   420 | D        | Reached skill level 9 in Fighting
   420 | D        | Reached skill level 5 in Dodging
   420 | D        | Reached XP level 5. HP: 57/57 MP: 4/4
   463 | D        | Found a burning altar of Makhleb.
   463 | D        | Found a viscous altar of Jiyva.
   463 | D        | Found a shimmering altar of Xom.
   463 | D        | Found a corrupted altar of Lugonu.
   463 | D        | Noticed a slime creature
   471 | D        | Killed a slime creature
   472 | D        | Reached skill level 10 in Fighting
   472 | D        | Reached skill level 10 in Axes
   472 | D        | Reached XP level 6. HP: 67/67 MP: 5/5
   475 | D        | Found an ornate altar of the Wu Jian Council.
   475 | D        | Found a shimmering blue altar of Sif Muna.
   478 | D        | Found a radiant altar of Vehumet.
   761 | D        | Found Aqikeab's Jewellery Emporium.
   761 | D        | Found an ancient bone altar of Kikubaaqudgha.
   761 | D        | Found a stormy altar of Qazlal.
   761 | D        | Found a blossoming altar of Fedhas.
   761 | D        | Found a bloodstained altar of Trog.
   761 | D        | Found an iron altar of Okawaru.
   761 | D        | Found a glowing golden altar of the Shining One.
   761 | D        | Found a glowing silver altar of Zin.
   761 | D        | Found a white marble altar of Elyvilon.
   761 | D        | Noticed a yak
   765 | D        | Found a hazy altar of Hepliaklqana.
   765 | D        | Found a hide-covered altar of Uskayaw.
   765 | D        | Found a basalt altar of Yredelemnul.
   765 | D        | Found a snail-covered altar of Cheibriados.
   765 | D        | Found a sacrificial altar of Ru.
   765 | D        | Found a shadowy altar of Dithmenos.
   768 | D        | Killed a yak
   769 | D        | Reached skill level 11 in Fighting
   769 | D        | Reached XP level 7. HP: 74/74 MP: 6/6
   769 | D        | Found an opulent altar of Gozag.
   771 | D        | Found a sparkling altar of Nemelex Xobeh.
   819 | D        | Bought a ring of resist corrosion for 240 gold pieces
   991 | D        | Noticed a kobold demonologist
   992 | D        | Noticed a kobold demonologist
  1000 | D        | Noticed a sun demon
  1001 | D        | Killed a kobold demonologist
  1001 | D        | Reached *** piety under Trog
  1002 | D        | Reached skill level 12 in Fighting
  1002 | D        | Reached XP level 8. HP: 85/85 MP: 7/7
  1003 | D        | Killed a kobold demonologist
  1004 | D        | Reached skill level 13 in Fighting
  1144 | D        | Noticed Sonja
  1148 | D        | Killed Sonja
  1148 | D        | Reached **** piety under Trog
  1149 | D        | Reached skill level 14 in Fighting
  1149 | D        | Reached skill level 10 in Armour
  1503 | D        | Noticed a deep troll
  1515 | D        | Killed a deep troll
  1516 | D        | Reached XP level 9. HP: 60/96 MP: 8/8
  1548 | D        | Found Natoxtil's Armour Emporium.
  1605 | D        | Bought a +0 pair of boots for 58 gold pieces
  1605 | D        | Bought a +0 cloak for 58 gold pieces
  1630 | D        | Found Zigiafet's Magic Scroll Boutique.
  1638 | D        | Bought a scroll of identify for 22 gold pieces
  1638 | D        | Bought a scroll of enchant weapon for 82 gold pieces
  1638 | D        | Bought a scroll of fear for 38 gold pieces
  1638 | D        | Bought a scroll of blinking for 82 gold pieces
  1697 | D        | Identified the +9 scale mail of Susuitwy {Will+}
  1824 | D        | Noticed a centaur warrior
  1824 | D        | Noticed a centaur warrior
  1832 | D        | Killed a centaur warrior
  1833 | D        | Reached skill level 15 in Fighting
  1833 | D        | Reached skill level 15 in Axes
  1833 | D        | Reached skill level 10 in Dodging
  1834 | D        | Killed a centaur warrior
  1835 | D        | Reached skill level 16 in Fighting
  2194 | D        | Noticed an oklob plant
  2199 | D        | Killed an oklob plant
  2200 | D        | Reached XP level 10. HP: 108/108 MP: 9/9
  2269 | D        | Reached ***** piety under Trog
  2506 | D        | Received a gift from Trog
  2507 | D        | Reached skill level 17 in Fighting
  2675 | D        | Received a gift from Trog
  2679 | D        | Reached ****** piety under Trog
  2731 | D        | Found Sinop's Distillery.
  2731 | D        | Found Uxazxum's Magic Scroll Shop.
  2731 | D        | Found Atewohat's Assorted Antiques.
  2733 | D        | Found Lyisoethrae's Assorted Antiques.
  2733 | D        | Found Pailinas's Jewellery Shop.
  2733 | D        | Found Caujy Femaef's Magic Scroll Shoppe.
  2733 | D        | Found Eschy's Assorted Antiques.
  2733 | D        | Found Saguguwu's Antique Weapon Emporium.
  2733 | D        | Found Hoexzamaon's Magic Scroll Shop.
  2733 | D        | Found Juucahao's Antique Weapon Shoppe.
  2739 | D        | Found Tef Watt's Distillery.
  2740 | D        | Found Tut Anky's Jewellery Emporium.
  2740 | D        | Found Jiegruy's Assorted Antiques.
  2741 | D        | Bought the amulet "Larorghat" {Reflect Fly rN++ Dex-3 SH+5
                  | SInv} for 665 gold pieces
  2741 | D        | Found Ugips's Antique Weapon Emporium.
  2743 | D        | Bought a potion of heal wounds for 125 gold pieces
  2743 | D        | Bought a potion of curing for 75 gold pieces
  2745 | D        | Bought a scroll of fear for 35 gold pieces
  2745 | D        | Bought a scroll of blinking for 75 gold pieces
  2747 | D        | Bought a potion of heal wounds for 50 gold pieces
  2747 | D        | Bought a potion of heal wounds for 50 gold pieces
  2747 | D        | Bought a potion of heal wounds for 50 gold pieces
  2747 | D        | Bought a potion of heal wounds for 50 gold pieces
  2747 | D        | Bought a potion of heal wounds for 50 gold pieces
  2747 | D        | Bought a potion of might for 40 gold pieces
  2749 | D        | Bought a potion of curing for 87 gold pieces
  2760 | D        | Bought a potion of curing for 36 gold pieces
  2760 | D        | Bought a potion of curing for 36 gold pieces
  2938 | D        | Reached skill level 18 in Fighting
  2939 | D        | Received a gift from Trog
  3017 | D        | Noticed a gargoyle
  3024 | D        | Killed a gargoyle
  3103 | D        | Noticed a lindwurm
  3114 | D        | Killed a lindwurm
  3287 | D        | Reached XP level 11. HP: 114/121 MP: 10/10
  3305 | D        | Identified the +13 hand axe "Adwoqaod" {flame, Dex+2} (Trog
                  | gifted it to you in the Dungeon)
  3305 | D        | Received a gift from Trog
  3312 | D        | Reached skill level 19 in Fighting
  3324 | D        | Received a gift from Trog
  3540 | D        | Noticed a daeva
  3550 | D        | Noticed a 12-headed hydra
  3554 | D        | Killed a nine-headed hydra
  3554 | D        | Paralysed by a floating eye for 2 turns
  3871 | D        | Noticed a deep elf annihilator
  3878 | D        | Received a gift from Trog
  3888 | D        | Reached skill level 20 in Fighting
  3901 | D        | Killed a deep elf annihilator
  4303 | D        | Noticed the 27-headed Lernaean hydra
  4320 | D        | Killed the 27-headed Lernaean hydra
  4321 | D        | Reached skill level 21 in Fighting
  4321 | D        | Reached skill level 15 in Armour
  4748 | D        | Noticed a mummy priest
  4752 | D        | Noticed an oklob plant
  4755 | D        | Noticed a flayed ghost
  4926 | D        | Killed a deep elf master archer
  4967 | D        | Noticed a lorocyproca
  4984 | D        | Killed a lorocyproca
  4984 | D        | Received a gift from Trog
  5141 | D        | Bought a scroll of fear for 45 gold pieces
  5141 | D        | Bought a scroll of fear for 45 gold pieces
  5141 | D        | Bought a scroll of summoning for 123 gold pieces
  5141 | D        | Bought a scroll of summoning for 123 gold pieces
  5141 | D        | Bought a scroll of enchant weapon for 97 gold pieces
  5141 | D        | Bought a scroll of enchant weapon for 97 gold pieces
  5141 | D        | Bought a scroll of enchant weapon for 97 gold pieces
  5145 | D        | Bought a scroll of magic mapping for 49 gold pieces
  5145 | D        | Bought a scroll of blinking for 105 gold pieces
  5189 | D        | Noticed a shining eye
  5189 | D        | Noticed a shining eye
  5189 | D        | Noticed a shining eye
  5191 | D        | Paralysed by a floating eye for 4 turns
  5197 | D        | Paralysed by a floating eye for 3 turns
  5207 | D        | Noticed a shining eye
  5208 | D        | Killed a shining eye
  5209 | D        | Reached XP level 12. HP: 137/137 MP: 11/11
  5210 | D        | Gained mutation: You are partially covered in iridescent
                  | scales. (AC +2) [a shining eye]
  5215 | D        | Reached skill level 22 in Fighting
  5216 | D        | Gained mutation: Armour fits poorly on your strangely
                  | shaped body. [a shining eye]
  5218 | D        | Gained mutation: You are weak. (Str -2) [a shining eye]
  5219 | D        | Gained mutation: Your body sometimes deteriorates upon
                  | taking damage. [a shining eye]
  5220 | D        | Gained mutation: You are clumsy. (Dex -2) [a shining eye]
  5221 | D        | Received a gift from Trog
  5221 | D        | Gained mutation: Your magical capacity is low. (-10% MP) [a
                  | shining eye]
  5222 | D        | Gained mutation: Your magical capacity is very low. (-20%
                  | MP) [a shining eye]
  5224 | D        | Lost mutation: Your magical capacity is very low. (-20% MP)
                  | [a shining eye]
  5226 | D        | Reached skill level 15 in Dodging
  5226 | D        | Gained mutation: You are very weak. (Str -4) [a shining
                  | eye]
  5227 | D        | Gained mutation: Your body often deteriorates upon taking
                  | damage. [a shining eye]
  5228 | D        | Paralysed by a floating eye for 4 turns
  5229 | D        | Gained mutation: You are very clumsy. (Dex -4) [a shining
                  | eye]
  5233 | D        | Gained mutation: You tend to lose your temper in combat. [a
                  | shining eye]
  5367 | D        | Found Kugir's Assorted Antiques.
  5367 | D        | Found Vagaonye's Antique Weapon Emporium.
  5368 | D        | Found Laupir's Assorted Antiques.
  5368 | D        | Found Kigoudow's Armour Boutique.
  5579 | D        | Noticed a shadow dragon
  5579 | D        | Noticed a golden dragon
  5586 | D        | Killed a golden dragon
  5587 | D        | Reached skill level 23 in Fighting
  5590 | D        | Killed a shadow dragon
  5590 | D        | Received a gift from Trog
  5799 | D        | Found Impotic's Assorted Antiques.
  5818 | D        | Bought a fuming purple potion for 14 gold pieces
  5818 | D        | Bought 2 potions of curing for 96 gold pieces
  5910 | D        | Bought a potion of invisibility for 96 gold pieces
  5910 | D        | Bought 2 potions of heal wounds for 120 gold pieces
  5910 | D        | Bought a potion of mutation for 96 gold pieces
  5910 | D        | Bought a potion of magic for 96 gold pieces
  5913 | D        | Bought a potion of might for 96 gold pieces
  6054 | D        | Noticed a fire giant
  6065 | D        | HP: 7/143 [fire giant/bolt of fire (41)]
  6066 | D        | Mangled by a fire giant

Illustrated notes

Levels and vault maps discovered:
D:        dungeon_sprint_1 [red_sonja_temple_1, red_sonja_temple_small_1]

Skill      XL: |  1  2  3  4  5  6  7  8  9 10 11 12 |
---------------+-------------------------------------+-----
Fighting       | 5 7 9 10 11 12 14 16 18 21 23 | 23.8
Axes           | 5 7 9 10 11 12 14 16 18 20 | 20.0
Armour         | 3 4 6 7 8 10 11 13 15 17 | 17.3
Dodging        | 3 4 5 6 7 8 9 10 12 14 16 | 16.1

Action                   |  1- 3 |  4- 6 |  7- 9 | 10-12 || total
-------------------------+-------+-------+-------+-------++-------
Melee: Hand axe          |     5 |    21 |    46 |    26 ||    98
       Headbutt          |     2 |     4 |    14 |    43 ||    63
       Punch             |       |     1 |     3 |     1 ||     5
       Battleaxe         |       |       |       |   166 ||   166
Invok: Berserk           |     2 |     3 |     4 |     8 ||    17
       Brothers in Arms  |       |       |       |     3 ||     3
Evoke: Wand              |       |       |     4 |     6 ||    10
  Use: Scroll            |       |       |       |     5 ||     5
       Potion            |       |       |       |     3 ||     3
Armor: Animal skin       |       |     2 |     1 |       ||     3
       Scale mail        |       |       |    22 |   133 ||   155
Dodge: Dodged            |     2 |     9 |    21 |    76 ||   108
Block: Other             |       |       |       |    14 ||    14
       Reflection        |       |       |       |     1 ||     1
